 Dungeon Crawl Stone Soup version 0.17-a0-1078-g243345b (webtiles) character file.

16 Ruokin the Chiller (level 2, 0/13 HPs)
             Began as a Vine Stalker Ice Elementalist on May 18, 2015.
             Slain by a hobgoblin
             ... wielding a +0 club
              (5 damage)
             ... on level 2 of the Dungeon.
             The game lasted 00:09:23 (1053 turns).

Ruokin the Chiller (Vine Stalker Ice Elementalist)  Turns: 1053, Time: 00:09:23

Health: 0/13       AC:  9    Str: 10    XL:     2   Next: 54%
Magic:  0/6        EV:  4    Int: 15    God:
Gold:   85         SH:  0    Dex: 14    Spells: 2 memorised, 2 levels left

rFire  . . .     SeeInvis .     (no weapon)
rCold  . . .     Clarity  .     m - +0 chain mail
rNeg   . . .     SustAb   .     (no shield)
rPois  .         Gourm    .     i - +0 helmet
rElec  .         Spirit   +     (no cloak)
rCorr  .         Warding  .     (no gloves)
rMut   .         Stasis   .     (no boots)
MR     .....                    (no amulet)
Stlth  ..........               (no ring)
                                (no ring)

@: very slightly contaminated, not resistant to hostile enchantments, extremely
unstealthy
A: fangs 2, regeneration 1, magic shield, antimagic bite, no device heal 3, rot
immunity
a: no special abilities


You were on level 2 of the Dungeon.
You were hungry.

You visited 1 branch of the dungeon, and saw 3 of its levels.

You collected 85 gold pieces.

Inventory:

Armour
 a - a +0 robe
 i - a +0 helmet (worn)
 l - a +0 scale mail
 m - a +0 chain mail (worn)
Scrolls
 d - a scroll of remove curse {unknown}
 e - 2 scrolls of blinking {unknown}
 f - a scroll of enchant armour {unknown}
 g - 4 scrolls of identify {unknown}
 h - a scroll of recharging {unknown}
Potions
 j - a potion of lignification {unknown}
Books
 b - a book of Frost

   Spells                             Type                      Level
   a - Freeze                         Ice                          1
   b - Throw Frost                    Conjuration/Ice              2
   c - Ozocubu's Armour               Charms/Ice                   3
   d - Throw Icicle                   Conjuration/Ice              4
   e - Summon Ice Beast               Ice/Summoning                4
   f - Condensation Shield            Ice                          4
Comestibles
 c - a bread ration
 k - a meat ration


   Skills:
 - Level 1.7 Dodging
 - Level 2.4 Stealth
 * Level 0.8 Unarmed Combat
 + Level 2.4 Spellcasting
 + Level 1.0 Conjurations
 + Level 3.3 Ice Magic


You had 2 spell levels left.
You knew the following spells:

 Your Spells              Type           Power        Failure   Level  Hunger
a - Freeze                Ice            ##..         100%        1    #......
b - Throw Frost           Conj/Ice       #.....       100%        2    ###....


Dungeon Overview and Level Annotations

Branches:
Dungeon (3/15)

Altars:

Annotations:
D:3 Ruokin's ghost, average HuFi


Innate Abilities, Weirdness & Mutations

You have extremely sharp teeth.
Your natural rate of healing is unusually fast.
When hurt, damage is shared between your health and your magic reserves.
Your bite disrupts and absorbs the magic of your enemies.
Potions and wands cannot restore your health.
You are immune to rotting.


Message History

Press: ? - help, Shift-Dir - straight line, f - hobgoblin
Aim: a hobgoblin, wielding a club You miscast Freeze.
Your hands feel numb with cold.
Casting: Freeze
Confirm with . or Enter, or press ? or * to list all spells.
Aiming: Freeze
Press: ? - help, Shift-Dir - straight line, f - Ruokin's ghost, p - hobgoblin
Aim: Ruokin's ghost You miscast Freeze.
Nothing appears to happen.
The hobgoblin hits you but does no damage.
Ruokin's ghost hits you. The hobgoblin barely misses you.
Ruokin's ghost hits you.
The hobgoblin hits you but does no damage.
The hobgoblin hits you.
You climb upwards.
There is a stone staircase leading down here.
The hobgoblin barely misses you.
The hobgoblin hits you but does no damage. x2
The hobgoblin hits you with a club.
You die...

+##
######.###
##...##...##
#<)⌠.†'.⌠..#
##...##....#
######.##.#
##..###.#
#..@# #..
#.g.# ####
#.g.# ##>##
###


You could see 2 hobgoblins.

Vanquished Creatures
  2 giant cockroaches (D:1)
  A hobgoblin (D:1)
  2 bats (D:1)
  A giant gecko (D:1)
  2 giant newts (D:1)
  3 goblins
  3 kobolds
  5 rats (D:1)
19 creatures vanquished.

Notes
Turn   | Place    | Note
--------------------------------------------------------------
     0 | D:1      | Ruokin the Vine Stalker Ice Elementalist began the quest for the Orb.
     0 | D:1      | Reached XP level 1. HP: 9/9 MP: 4/4
   187 | D:1      | Reached XP level 2. HP: 11/13 MP: 4/6
  1007 | D:2      | Learned a level 2 spell: Throw Frost
  1045 | D:3      | Noticed Ruokin's ghost (average HuFi)
  1053 | D:2      | Slain by a hobgoblin

Vault maps used:
D:1:      dpeg_arrival_arbitrary_a, grunt_decor_arrowhead,
          minmay_misc_feat_ornament
D:2:      wad_lake_hut, minivault_4, grunt_ministairs_4, uniq_terence
D:3:      uniq_natasha, uniq_grinder

Action                   || total
-------------------------++-------
Melee: Unarmed           ||    38
 Cast: Freeze            ||    15
